Description

zvt

Replay - Maru v Serral: Game 1 - [ESL] Hecate

Build Order

Get SALT Encoding   

  12  0:00  Drone  
  13  0:08  Drone  
  14  0:15  Extractor  
  14  0:16  Drone  
  15  0:36  Hatchery  
  15  0:41  Extractor  
  15  0:42  Drone  
  14  0:48  Overlord  
  15  1:02  Spawning Pool  
  14  1:06  Drone x2  
  16  1:13  Drone x2  
  18  1:28  Drone, Extractor  
  18  1:38  Drone  
  19  1:49  Queen x2  
  19  1:50  Zergling x2  
  25  1:59  Overlord  
  29  2:24  Queen x2  
  33  2:35  Overlord  
  34  2:43  Overlord  
  43  3:08  Lair  
  45  3:16  Roach Warren  
  45  3:19  Extractor x2  
  50  3:36  Overlord  
  50  3:47  Hatchery  
  49  3:51  Pneumatized Carapace  
  49  3:56  Roach x2  
  53  4:04  Roach x2  
  53  4:06  Overseer  
  57  4:11  Roach x2  
  63  4:17  Roach x3  
  67  4:28  Roach  
  83  4:58  Queen  
  85  5:02  Ravager  
  85  5:06  Queen  
  88  5:13  Ravager x2  
  89  5:20  Ravager  
  102  5:25  Ravager x2  
  103  5:37  Ravager  
  97  6:05  Extractor x3, Evolution Chamber x2  
  97  6:10  Overseer  
  95  6:26  Overseer  
  95  6:28  Metabolic Boost  
  95  6:29  Glial Reconstitution  
  105  6:40  Zerg Missile Weapons Level 1  
  105  6:45  Zerg Ground Armor Level 1  
  105  6:47  Queen x2  
  105  6:49  Hatchery  
  114  7:12  Infestation Pit  
  129  7:36  Baneling Nest  
  137  7:45  Extractor  
  146  7:55  Hive  
  144  8:00  Ravager, Zergling x6  
  147  8:05  Zergling x10  
  147  8:06  Queen  
  156  8:12  Zergling x2  
  156  8:13  Ravager  
  156  8:18  Centrifugal Hooks  
  161  8:34  Overseer  
  161  8:35  Ravager, Hatchery  
  161  8:36  Zerg Melee Weapons Level 1  
  161  8:41  Zerg Ground Armor Level 2  
  174  9:08  Viper x2  
  174  9:09  Adrenal Glands  
  180  9:11  Ultralisk Cavern  
  188  9:21  Baneling x10  
Spawning Tool Build Advisor. Get it on Overwolf

Go to:

Details

  • Created by: momopeanut
  • Published on: Mar 10, 2024
  • Modified on: Mar 10, 2024
  • Patch: 5.0.11
  • Difficulty: Hard
Show
View Real Time Build Order
Export as new Build Order

Comments (0)

There are no comments. Be the first!

Create an account to comment!